 Dungeon Crawl Stone Soup version 0.19.0-1-g5985abe (webtiles) character file.

395 RudyRod the Shield-Bearer (level 6, 0/47 HPs)
             Began as a Demonspawn Fighter on Nov 2, 2016.
             Slain by a rat (2 damage)
             ... in a sewer.
             The game lasted 00:09:11 (4016 turns).

RudyRod the Shield-Bearer (Demonspawn Fighter)      Turns: 4016, Time: 00:09:12

Health: 0/47       AC:  7    Str: 18    XL:     6   Next: 52%
Magic:  6/6        EV:  8    Int: 14    God:
Gold:   112        SH:  9    Dex: 13    Spells: 0 memorised, 5 levels left

rFire  . . .     SeeInvis .     a - +1 long sword
rCold  . . .     Gourm    .     b - +0 scale mail
rNeg   . . .     Faith    .     c - +0 shield
rPois  .         Spirit   .     (no helmet)
rElec  .         Reflect  .     (no cloak)
rCorr  .         Harm     .     (no gloves)
MR     .....                    (no boots)
Stlth  +.........               (no amulet)
                                (no ring)
                                (no ring)

@: brilliant, lethally poisoned (0 -> -1), hasted, drained, very quick
A: claws 2, nightstalker 1
a: no special abilities


You were in a sewer.
You were not hungry.

You visited 1 branch of the dungeon, and saw 4 of its levels.
You also visited: Sewer.

You collected 112 gold pieces.

Inventory:

Hand Weapons
 a - a +1 long sword (weapon)
 f - a +1 short sword of electrocution
Armour
 b - a +0 scale mail (worn)
 c - a +0 shield (worn)
Jewellery
 n - an uncursed amulet of faith {unknown}
 r - a cursed -4 ring of dexterity {unknown}
Scrolls
 j - a scroll of random uselessness {unknown}
 m - 2 scrolls of teleportation {unknown}
 o - 2 scrolls of remove curse {unknown}
 q - 3 scrolls of identify {unknown}
 x - a scroll of amnesia {unknown}
Potions
 d - a potion of heal wounds {unknown}
 l - 3 potions of brilliance
 p - a potion of flight {unknown}
 s - 3 potions of agility {unknown}
 t - a potion of mutation {unknown}
 v - a potion of degeneration {unknown}
Comestibles
 g - 8 fruits
 i - a slice of pizza
 u - 2 meat rations
 z - a bread ration


   Skills:
 + Level 3.4(3.3) Fighting
 + Level 1.0(2.5) Short Blades
 + Level 3.8(3.9) Long Blades
 + Level 3.9 Armour
 + Level 1.2 Dodging
 + Level 0.4(0.3) Stealth
 + Level 4.1 Shields


You had 5 spell levels left.
You didn't know any spells.

Dungeon Overview and Level Annotations

Branches:
Dungeon (4/15)
 Temple: D:4-7

Altars:
Ashenzari
Qazlal
Vehumet

Annotations:
D:4 Edmund


Innate Abilities, Weirdness & Mutations

You have very sharp fingernails.
You are slightly more attuned to the shadows.


Message History

You slash the adder!
The adder is severely wounded.
You feel sick. You block the adder's attack. The adder barely misses you.
You block the river rat's attack. The river rat bites you.
* * * LOW HITPOINT WARNING * * *
You miss the adder.
The adder is severely wounded.
The adder bites you.
* * * LOW HITPOINT WARNING * * *
The river rat bites you but does no damage.
You block the adder's attack.
It was a potion of brilliance.
You feel clever all of a sudden. You block the river rat's attack.
The river rat bites you.
* * * LOW HITPOINT WARNING * * *
The adder misses you.
It was a potion of haste.
You feel yourself speed up.
* * * LOW HITPOINT WARNING * * *
You feel sick. The rat bites you.
You die...

...............†.............%...
.....................≈.......#...
≈...≈..≈........≈≈≈≈≈≈≈≈≈≈≈≈≈#..#
≈≈≈≈≈≈≈.≈.÷...≈...≈≈≈≈≈≈≈≈≈≈≈####
≈≈≈≈≈≈≈≈≈≈≈.≈≈.≈≈≈≈≈≈≈≈≈≈≈≈≈≈#
≈≈≈≈≈≈≈≈≈≈≈≈≈≈≈≈≈≈≈≈≈≈≈≈≈≈≈≈≈≈#
≈≈≈≈≈≈≈≈≈≈≈≈≈≈≈≈≈≈≈≈≈≈≈≈≈≈≈≈≈#≈
≈≈≈≈.≈≈.≈≈≈≈.rS≈≈≈≈≈≈≈≈≈
≈.≈≈.........@r≈≈.≈≈≈≈
............##r...≈.##
.##........####......#
##.......##.........
.......r.........
####..r..###.... ##.r## #... ###
###


You could see an adder, 2 river rats and a rat.

Vanquished Creatures
  A centaur (D:3)
  An orc wizard (D:3)
  Natasha (thrice) (D:2)
  6 adders
  5 river rats (Sewer)
  3 oozes
  A worm (D:3)
  2 dart slugs (D:2)
  2 leopard geckos
  4 orcs (D:3)
  13 bats
  8 giant cockroaches
  7 goblins
  4 hobgoblins
  5 jackals
  14 kobolds
  A ball python (Sewer)
  5 frilled lizards
  17 rats
102 creatures vanquished.

Notes
Turn   | Place    | Note
-------+----------+-------------------------------------------
     0 | D:1      | RudyRod the Demonspawn Fighter began the quest for the Orb.
     0 | D:1      | Reached XP level 1. HP: 18/18 MP: 1/1
   159 | D:1      | Gained mutation: You have sharp fingernails. [demonic ancestry]
   159 | D:1      | Reached XP level 2. HP: 22/24 MP: 2/2
   253 | D:1      | Reached skill level 3 in Shields
   659 | D:2      | Reached XP level 3. HP: 22/29 MP: 3/3
  1443 | D:2      | Gained mutation: You are slightly more attuned to the shadows. [demonic ancestry]
  1443 | D:2      | Reached XP level 4. HP: 32/35 MP: 4/4
  1466 | D:2      | Noticed Natasha
  1470 | D:2      | Killed Natasha
  1502 | D:2      | Noticed Natasha
  1513 | D:2      | Killed Natasha
  1682 | D:2      | Noticed Natasha
  1694 | D:2      | Killed Natasha
  1694 | D:2      | Reached XP level 5. HP: 6/41 MP: 5/5
  2253 | D:3      | Found a shattered altar of Ashenzari.
  2253 | D:3      | Found a radiant altar of Vehumet.
  2829 | D:3      | Noticed a centaur
  2837 | D:3      | HP: 2/41 [centaur (7)]
  2838 | D:3      | Killed a centaur
  2838 | D:3      | Reached skill level 1 in Dodging
  2838 | D:3      | Gained mutation: You have very sharp fingernails. [demonic ancestry]
  2838 | D:3      | Reached XP level 6. HP: 3/47 MP: 6/6
  3262 | D:4      | Found a stormy altar of Qazlal.
  3262 | D:4      | Noticed Edmund
  3363 | D:4      | Found a glowing drain.
  3416 | Sewer    | Entered a sewer
  3439 | Sewer    | Reached skill level 4 in Shields
  3444 | Sewer    | Reached skill level 1 in Short Blades
  4016 | Sewer    | HP: 2/47 [poisoned by an adder]
  4016 | Sewer    | Slain by a rat

Skill      XL: |  1  2  3  4  5  6 |
---------------+-------------------+-----
Armour         | 3 |  3.9
Long Blades    | 2 3 |  3.8
Shields        | 3 4 |  4.1
Dodging        | 1 |  1.2
Short Blades   | 1 |  1.0
Fighting       | |  3.4
Stealth        | |  0.4

Action                   |  1- 3 |  4- 6 || total
-------------------------+-------+-------++-------
Melee: Long sword        |   138 |   167 ||   305
       Short sword       |       |    47 ||    47
  Use: Potion            |       |     5 ||     5
       Scroll            |       |     1 ||     1
  Eat: Bread ration      |     1 |       ||     1
       Chunk             |       |     4 ||     4
       Fruit             |       |     1 ||     1
       Beef jerky        |       |     1 ||     1
Armor: Scale mail        |    92 |   128 ||   220
Dodge: Dodged            |    66 |    82 ||   148
Block: Shield            |    80 |   155 ||   235
       Rpst.: Long sword |    24 |    20 ||    44
